 Dungeon Crawl Stone Soup version 0.31.0-32-g396128a36d (webtiles) character file.

Game seed: 12598942639090574536

13330 monsoonserge the Grappler (level 12, -3/92 HPs)
             Began as a Gnoll Shapeshifter on Mar 18, 2024.
             Was a Believer of Elyvilon.
             Constricted to death by Erica (4 damage)
             ... on level 8 of the Dungeon.
             The game lasted 00:41:24 (14588 turns).

monsoonserge the Grappler (Gnoll Shapeshifter)     Turns: 14588, Time: 00:41:25

Health: -3/92      AC:  4    Str: 31    XL:     12   Next: 4%
Magic:  10/22      EV: 12    Int:  9    God:    Elyvilon [**....]
Gold:   657        SH:  0    Dex: 12    Spells: 25/25 levels left

rFire   . .          .
                       - Unarmed
rCold   . . .        (no shield)
rNeg    . . .        G - +2 robe {Will+}
rPois   .            (helmet currently unavailable)
rElec   .            (cloak currently unavailable)
rCorr   .            J - melded +0 pair of gloves
SInv    .            (boots currently unavailable)
Will    +....        O - amulet of the acrobat
Stlth   +++          r - +6 ring of strength
HPRegen 0.35/turn    L - +6 ring of strength
MPRegen 0.18/turn

%: acrobat
@: lethally poisoned (-3 -> -17), beast-form, constricted
A: beast (slay +4), fangs 1, strong nose, distributed training
a: Begin Untransformation, Renounce Religion, Purification, Heal Other


You were on level 8 of the Dungeon.
You worshipped Elyvilon.
Elyvilon was pleased with you.
You were a hulking beast.
You visited 2 branches of the dungeon, and saw 12 of its levels.
You also visited: Ossuary.

You collected 687 gold pieces.
You spent 30 gold pieces at shops.

Inventory:

Missiles
 n - 6 javelins
 s - 3 boomerangs (quivered)
 y - 2 throwing nets
 H - 16 poisoned darts
 T - a curare-tipped dart
Armour
 o - a +0 ring mail
 p - a +0 scale mail
 A - the +0 leather armour of the Hall of Blades {rElec rCorr Str+2 Dex-2}
   (You found it on level 6 of the Dungeon)

   Str+2:     It affects your strength (+2).
   Dex-2:     It affects your dexterity (-2).
   rElec:     It insulates you from electricity.
   rCorr:     It protects you from acid and corrosion.
 G - a +2 robe of willpower (worn)
 J - a +0 pair of gloves (melded)
Jewellery
 r - a +6 ring of strength (left hand)
 B - a ring of flight
 C - a ring of ice
 L - a +6 ring of strength (right hand)
 O - an amulet of the acrobat (around neck)
Talismans
 c - a beast talisman (active)
 d - a flux talisman
Wands
 b - a wand of charming (3)
 k - a wand of roots (7)
 v - a wand of quicksilver (13)
 M - a wand of flame (4)
Scrolls
 a - a scroll of silence
 e - 2 scrolls of blinking
 f - 4 scrolls of enchant armour {unknown}
 g - 6 scrolls of teleportation
 i - 4 scrolls of amnesia
 t - a scroll of noise {unknown}
 u - 2 scrolls of revelation
 w - 3 scrolls of poison
 D - a scroll of fog {unknown}
 I - a scroll of vulnerability {unknown}
 R - 2 scrolls of fear
Potions
 h - a potion of mutation {unknown}
 j - 6 potions of might
 l - 4 potions of heal wounds
 m - 8 potions of curing
 q - a potion of cancellation
 x - 6 potions of brilliance {unknown}
 z - a potion of enlightenment {unknown}
 E - 3 potions of resistance {unknown}
 F - 4 potions of degeneration {unknown}
 K - a potion of ambrosia {unknown}
 N - a potion of magic {unknown}
 Q - a potion of berserk rage {unknown}
 S - a potion of invisibility {unknown}
Miscellaneous
 P - a phantom mirror


   Skills:
 + Level 7.6 Fighting
 + Level 7.1 Short Blades
 + Level 7.1 Long Blades
 + Level 7.1 Axes
 + Level 7.1 Maces & Flails
 + Level 7.1 Polearms
 + Level 7.1 Staves
 + Level 7.1 Ranged Weapons
 + Level 7.1 Throwing
 + Level 7.1 Armour
 + Level 8.5 Dodging
 + Level 7.1 Stealth
 + Level 7.1 Shields
 + Level 9.8 Unarmed Combat
 + Level 7.1 Spellcasting
 + Level 5.9 Conjurations
 + Level 5.9 Hexes
 + Level 5.9 Summonings
 + Level 5.9 Necromancy
 + Level 5.9 Translocations
 + Level 5.9 Fire Magic
 + Level 5.9 Ice Magic
 + Level 5.9 Air Magic
 + Level 5.9 Earth Magic
 + Level 5.9 Alchemy
 + Level 7.8 Invocations
 + Level 7.1 Evocations
 + Level 9.3 Shapeshifting


You had 25 spell levels left.
You didn't know any spells.
Your spell library contained the following spells:

 Spells                   Type           Power      Damage    Failure   Level
 Kiss of Death            Conj/Necr      52%        2d9       1%          1
 Necrotise                Necr           52%        1d6       1%          1
 Sandblast                Erth           26%        2d8       1%          1
 Slow                     Hex            52%        N/A       1%          1
 Vampiric Draining        Necr           13%        2d6       5%          3
 Martyr's Knell           Necr/Summ      13%        N/A       17%         4
 Vhi's Electric Charge    Tloc/Air       26%        N/A       17%         4
 Arcjolt                  Conj/Air       6%         1d16      43%         5
 Curse of Agony           Necr           13%        N/A       43%         5
 Plasma Beam              Fire/Air       6%         2x1d17    95%         6


Dungeon Overview and Level Annotations

Branches:
Dungeon (11/15)            Temple (1/1) D:6            Lair (0/5) D:10
Ossuary (visited)
    Orc: D:9-12

Altars:
Ashenzari
Cheibriados
Dithmenos
Elyvilon
Fedhas
Gozag
Hepliaklqana
Kikubaaqudgha
Makhleb
Nemelex Xobeh
Okawaru
Qazlal
Ru
Sif Muna
Trog
Uskayaw
Vehumet
Wu Jian
Xom
Yredelemnul
Zin
The Shining One

Shops:
D:4 *?   D:5 (   D:9 [   D:11 [

Annotations:
D:8 Erica


Innate Abilities, Weirdness & Mutations

You are a hulking beast.
Your limbs bulge with bestial killing power. (Slay +4)
You have very sharp teeth.
Your uncanny sense of smell can sniff out nearby items.
Your experience applies equally to all skills.


Message History

* * * LOW HITPOINT WARNING * * *
You are constricted.
* * * LOW HITPOINT WARNING * * *
You miss something. Something hits you!
* * * LOW HITPOINT WARNING * * *
Something burns you.
* * * LOW HITPOINT WARNING * * *
You are constricted.
* * * LOW HITPOINT WARNING * * *
You are healed.
Something hits you!
* * * LOW HITPOINT WARNING * * *
Something burns you.
* * * LOW HITPOINT WARNING * * *
You are constricted.
* * * LOW HITPOINT WARNING * * *
You are healed.
You can no longer provide healing for yourself.
Something hits you! Something burns you.
* * * LOW HITPOINT WARNING * * *
You are constricted.
* * * LOW HITPOINT WARNING * * *
Aiming: Quicksilver Bolt
Press: ? - help, Shift-Dir - straight line Something hits you!!
* * * LOW HITPOINT WARNING * * *
Something burns you! Elyvilon protects you from harm!
You are constricted.
* * * LOW HITPOINT WARNING * * *
Okay, then.
Aiming: Charm
Press: ? - help, Shift-Dir - straight line Nothing appears to happen.
You hear some strange, mumbled words.
A bolt of poison appears from out of thin air!
The bolt of poison hits you!!
You are lethally poisoned!
Elyvilon protects you from harm!
You are constricted.
You die...

..#.# ##...####..........#
..#.#########..#...[[.###.#######
..#..............###...##.#.#.###
§.###########.............8.#.#.#
..# ### #....###...##........
#####.## #.#.##...............
#...######.#.##.##.....8.#.#.#
####.............#.##)<####_#.#.#
?[(#...#####.#.#h#.##..##########
9Fp#..........###{.(.(......##.#.
∆($#.#######.#.#...##.(#######...
##+#.# #.##....##..#######.##
...#.#######.......##..........#
...#..........###..###.#######.#
####.#####.#..# #..# #.# #.#
........##.#..# #>.# #.# #.#
.....##)##.#..# #..# #.# #.#


There were no monsters in sight!

Vanquished Creatures
  A boulder beetle (D:11)
  Pikel (D:5)
  An unseen horror (D:11)
  2 komodo dragons (D:10)
  A kobold demonologist (D:11)
  4 trolls
  2 hornets
  Prince Ribbit (D:7)
  A shadow (D:9)
  6 wyverns
  2 steam dragons
  A wraith (D:11)
  16 yaks
  3 vampire mosquitoes (D:11)
  Grum (D:11)
  3 water moccasins
  An acid dragon (D:10)
  2 black bears
  An ice beast (D:7)
  4 orc warriors
  4 sky beasts
  An ogre (D:9)
  4 lemures
  2 wolves (D:11)
  10 centaurs
  3 kobold brigands
  2 bullfrogs (D:7)
  2 elf zombies (Ossuary)
  4 scorpions
  8 wights
  A burial acolyte (Ossuary)
  6 killer bees
  2 howler monkeys
  A bombardier beetle (D:6)
  4 centaur zombies (Ossuary)
  2 hounds
  A human zombie (Ossuary)
  2 jellies
  2 gnoll boudas
  4 orc priests
  2 sleepcaps (D:8)
  Jessica (D:3)
  Ijyb (D:3)
  2 iguanas
  5 orc wizards
  2 crocodile zombies (Ossuary)
  3 mummies (Ossuary)
  6 adders
  13 gnolls
  3 shadow imps
  3 white imps
  3 adder zombies (Ossuary)
  2 ribbon worms
  27 orcs
  8 ball pythons
  4 endoplasms
  3 giant cockroaches
  5 goblins
  6 hobgoblins
  3 jackals (D:5)
  7 quokkas
  5 ball python zombies (Ossuary)
  2 bats (D:2)
  2 frilled lizards
  6 jackal zombies (Ossuary)
  7 kobolds
  4 kobold zombies (Ossuary)
  3 orc zombies (Ossuary)
  5 rats
262 creatures vanquished.

Vanquished Creatures (others)
  A yak (D:9)
1 creature vanquished.

Grand Total: 263 creatures vanquished

Notes
Turn   | Place    | Note
-------+----------+-------------------------------------------
     0 | D:1      | monsoonserge the Gnoll Shapeshifter began the quest for the
                  | Orb.
     0 | D:1      | Reached XP level 1. HP: 17/17 MP: 1/1
   175 | D:1      | Got The Basics of Hermeneutics
   184 | D:1      | Reached XP level 2. HP: 23/23 MP: 2/2
   937 | D:2      | Reached XP level 3. HP: 28/28 MP: 3/3
  1278 | D:2      | Reached skill level 1 in Invocations
  1558 | D:3      | Reached skill level 1 in Short Blades
  1558 | D:3      | Reached skill level 1 in Long Blades
  1558 | D:3      | Reached skill level 1 in Axes
  1558 | D:3      | Reached skill level 1 in Maces & Flails
  1558 | D:3      | Reached skill level 1 in Polearms
  1558 | D:3      | Reached skill level 1 in Staves
  1558 | D:3      | Reached skill level 1 in Ranged Weapons
  1558 | D:3      | Reached skill level 1 in Throwing
  1558 | D:3      | Reached skill level 1 in Armour
  1558 | D:3      | Reached skill level 1 in Stealth
  1558 | D:3      | Reached skill level 1 in Shields
  1558 | D:3      | Reached skill level 1 in Spellcasting
  1558 | D:3      | Reached skill level 1 in Evocations
  1572 | D:3      | Noticed Jessica
  1577 | D:3      | Killed Jessica
  1578 | D:3      | Reached XP level 4. HP: 29/34 MP: 5/5
  1827 | D:3      | Reached skill level 1 in Conjurations
  1827 | D:3      | Reached skill level 1 in Hexes
  1827 | D:3      | Reached skill level 1 in Summonings
  1827 | D:3      | Reached skill level 1 in Necromancy
  1827 | D:3      | Reached skill level 1 in Translocations
  1827 | D:3      | Reached skill level 1 in Fire Magic
  1827 | D:3      | Reached skill level 1 in Ice Magic
  1827 | D:3      | Reached skill level 1 in Air Magic
  1827 | D:3      | Reached skill level 1 in Earth Magic
  1827 | D:3      | Reached skill level 1 in Alchemy
  2095 | D:3      | Noticed Ijyb
  2105 | D:3      | Killed Ijyb
  2461 | D:4      | Found Heqoip's Overcharged Wands.
  2476 | D:4      | Reached XP level 5. HP: 36/41 MP: 7/7
  2505 | D:4      | Found a hide-covered altar of Uskayaw.
  2682 | D:4      | Found Pustac's Magic Scroll Shop.
  2685 | D:4      | Bought a scroll of teleportation for 30 gold pieces
  3189 | D:4      | Noticed a lemure
  3190 | D:4      | Noticed a lemure
  3191 | D:4      | Noticed Pikel
  3223 | D:5      | Entered Level 5 of the Dungeon
  3346 | D:5      | Reached XP level 6. HP: 15/47 MP: 8/8
  3348 | D:5      | Reached skill level 5 in Dodging
  3478 | D:5      | Noticed a black bear
  3490 | D:5      | Killed a black bear
  3532 | D:5      | Reached XP level 7. HP: 52/52 MP: 10/10
  3597 | D:5      | Found Caschico's Weapon Shop.
  3774 | D:5      | Identified the +4 dagger of the Goat {heavy, Will+}
  4252 | D:6      | Identified the +0 leather armour of the Hall of Blades
                  | {rElec rCorr Str+2 Dex-2}
  4312 | D:6      | Reached XP level 8. HP: 47/60 MP: 12/12
  4342 | D:6      | Found a staircase to the Ecumenical Temple.
  4351 | Temple   | Entered the Ecumenical Temple
  4364 | Temple   | Became a worshipper of Elyvilon the Healer
  4532 | D:6      | Found a sand-covered staircase.
  4567 | Ossuary  | Entered an ossuary
  5400 | D:7      | Reached XP level 9. HP: 59/67 MP: 13/15
  5584 | D:7      | Reached skill level 5 in Fighting
  5631 | D:7      | Noticed Prince Ribbit
  5645 | D:7      | Killed Prince Ribbit
  5955 | D:7      | Reached skill level 5 in Invocations
  6310 | D:7      | Found a bloodstained altar of Trog.
  6865 | D:5      | Killed Pikel
  7328 | D:8      | Reached * piety under Elyvilon
  7334 | D:8      | Reached skill level 5 in Short Blades
  7334 | D:8      | Reached skill level 5 in Long Blades
  7334 | D:8      | Reached skill level 5 in Axes
  7334 | D:8      | Reached skill level 5 in Maces & Flails
  7334 | D:8      | Reached skill level 5 in Polearms
  7334 | D:8      | Reached skill level 5 in Staves
  7334 | D:8      | Reached skill level 5 in Ranged Weapons
  7334 | D:8      | Reached skill level 5 in Throwing
  7334 | D:8      | Reached skill level 5 in Armour
  7334 | D:8      | Reached skill level 5 in Stealth
  7334 | D:8      | Reached skill level 5 in Shields
  7334 | D:8      | Reached skill level 5 in Spellcasting
  7334 | D:8      | Reached skill level 5 in Evocations
  7334 | D:8      | Reached XP level 10. HP: 76/76 MP: 17/17
  7444 | D:8      | Noticed a gargoyle
  7444 | D:8      | Noticed a death knight
  7510 | D:8      | Noticed Erica
  7555 | D:8      | Found a shimmering blue altar of Sif Muna.
  7832 | D:8      | Found a burning altar of Makhleb.
  7836 | D:8      | Found an ancient bone altar of Kikubaaqudgha.
  7837 | D:8      | Found a radiant altar of Vehumet.
  8314 | D:8      | Found a sacrificial altar of Ru.
  8372 | D:8      | Found an iron altar of Okawaru.
  8441 | D:8      | Paralysed by a hornet for 3 turns
  8445 | D:8      | Elyvilon protects you from harm!
  8984 | D:9      | Found a shadowy altar of Dithmenos.
  8987 | D:9      | Reached ** piety under Elyvilon
  9259 | D:9      | Paralysed by a hornet for 3 turns
  9524 | D:9      | Found Noeckoak's Armour Shop.
  9919 | D:9      | Reached skill level 5 in Conjurations
  9919 | D:9      | Reached skill level 5 in Hexes
  9919 | D:9      | Reached skill level 5 in Summonings
  9919 | D:9      | Reached skill level 5 in Necromancy
  9919 | D:9      | Reached skill level 5 in Translocations
  9919 | D:9      | Reached skill level 5 in Fire Magic
  9919 | D:9      | Reached skill level 5 in Ice Magic
  9919 | D:9      | Reached skill level 5 in Air Magic
  9919 | D:9      | Reached skill level 5 in Earth Magic
  9919 | D:9      | Reached skill level 5 in Alchemy
  9919 | D:9      | Reached XP level 11. HP: 60/83 MP: 17/20
 10480 | D:10     | Entered Level 10 of the Dungeon
 12048 | D:10     | Reached *** piety under Elyvilon
 12287 | D:10     | Found a staircase to the Lair.
 12442 | D:10     | Identified the +6 hand axe of Internal Strife {pain, rC+
                  | rCorr MP+9}
 13088 | D:11     | Noticed Grum
 13103 | D:11     | Killed Grum
 13118 | D:11     | Identified the +7 spear "Yveth" {drain, rF++ Dex+4 Stlth+}
 14229 | D:11     | Reached **** piety under Elyvilon
 14270 | D:11     | Noticed a boulder beetle
 14280 | D:11     | Killed a boulder beetle
 14281 | D:11     | Reached XP level 12. HP: 59/92 MP: 22/22
 14412 | D:11     | Found Oleh's Armour Shop.
 14582 | D:8      | HP: 4/92 [something (15)]
 14582 | D:8      | Elyvilon protects you from harm!
 14587 | D:8      | HP: 4/92 [something (20)]
 14587 | D:8      | Elyvilon protects you from harm!
 14587 | D:8      | HP: 1/92 [something (3)]
 14588 | D:8      | Elyvilon protects you from harm!
 14588 | D:8      | Constricted to death by Erica

Illustrated notes

Levels and vault maps discovered:
D:1:      saegor_arrival_simple_d, layout_loops_cross
D:2:      layout_loops_corners
D:3:      layout_loops_corners, nicolae_the_louvre, uniq_jessica, uniq_ijyb
D:4:      layout_layer_cave, lemuel_doored_altar, serial_shops,
          nicolae_shop_rolled_up, nicolae_shop_overcharged_wands, uniq_pikel
D:5:      layout_loops_ring, serial_shops, nicolae_shop_tiny_statue_garden
D:6:      layout_cave_pools, minmay_temple_entry_poolview, enter_ossuary_5,
          amcnicky_mini_corridor_feature, chequers_serial_rivers_micro_b,
          minmay_liquid_box
D:7:      layout_basic, marbit_many_paths, nicolae_zig_zag_zippers,
          uniq_prince_ribbit1
D:8:      kennysheep_windowed_halls, layout_loops_ring, minitemple,
          mainiacjoe_overflow_concentric_impassable, lemuel_round_altar,
          uniq_erica
D:9:      layout_basic, grunt_dithmenos_smoke, serial_shops, nicolae_shop_stone,
          hangedman_abyss_or_decor_lesser_grid, corexii_checkpoint
D:10:     layout_long_grid, erik_lair_dragon
D:11:     layout_loops_corners, serial_shops, shop, uniq_grum
Temple:   dshaligram_water_room_temple

Skill      XL: |  1  2  3  4  5  6  7  8  9 10 11 |
---------------+----------------------------------+-----
Invocations    | 1 2 3 4 5 6 7 |  7.8
Short Blades   | 1 2 3 4 5 6 7 |  7.1
Long Blades    | 1 2 3 4 5 6 7 |  7.1
Axes           | 1 2 3 4 5 6 7 |  7.1
Maces & Flails | 1 2 3 4 5 6 7 |  7.1
Polearms       | 1 2 3 4 5 6 7 |  7.1
Staves         | 1 2 3 4 5 6 7 |  7.1
Ranged Weapons | 1 2 3 4 5 6 7 |  7.1
Throwing       | 1 2 3 4 5 6 7 |  7.1
Armour         | 1 2 3 4 5 6 7 |  7.1
Stealth        | 1 2 3 4 5 6 7 |  7.1
Shields        | 1 2 3 4 5 6 7 |  7.1
Spellcasting   | 1 2 3 4 5 6 7 |  7.1
Evocations     | 1 2 3 4 5 6 7 |  7.1
Conjurations   | 1 2 3 4 5 |  5.9
Hexes          | 1 2 3 4 5 |  5.9
Summonings     | 1 2 3 4 5 |  5.9
Necromancy     | 1 2 3 4 5 |  5.9
Translocations | 1 2 3 4 5 |  5.9
Fire Magic     | 1 2 3 4 5 |  5.9
Ice Magic      | 1 2 3 4 5 |  5.9
Air Magic      | 1 2 3 4 5 |  5.9
Earth Magic    | 1 2 3 4 5 |  5.9
Alchemy        | 1 2 3 4 5 |  5.9
Fighting       | 3 4 5 6 7 |  7.6
Dodging        | 5 6 7 8 |  8.5
Unarmed Combat | 7 8 9 |  9.8
Shapeshifting  | 7 8 9 |  9.3

Action                     |  1- 3 |  4- 6 |  7- 9 | 10-12 || total
---------------------------+-------+-------+-------+-------++-------
  Melee: Unarmed           |    58 |    72 |   311 |   388 ||   829
         Bite              |     6 |     5 |    32 |    50 ||    93
         Punch             |     2 |       |    19 |    19 ||    40
  Throw: Boomerang         |       |     3 |    32 |    26 ||    61
         Javelin           |       |     2 |       |     4 ||     6
         Dart              |       |       |       |    38 ||    38
 Invoke: Heal Other        |       |       |       |     4 ||     4
         Heal Self         |       |       |       |     7 ||     7
         Purification      |       |       |       |     1 ||     1
  Evoke: Wand              |       |     1 |       |     3 ||     4
    Use: Scroll            |       |     6 |     5 |     2 ||    13
         Potion            |       |       |     2 |     3 ||     5
   Stab: Sleeping          |     1 |     3 |     3 |     6 ||    13
         Distracted        |       |       |     2 |     1 ||     3
 Armour: Animal skin       |     4 |       |       |       ||     4
         Leather armour    |     6 |       |       |       ||     6
         Scale mail        |     9 |       |       |       ||     9
         Robe              |       |    46 |   153 |   249 ||   448
         Skin              |       |       |    48 |    13 ||    61
  Dodge: Dodged            |    32 |    37 |   170 |   254 ||   493
   Form: Beast             |       |       |     1 |     2 ||     3
         Flux              |       |       |     1 |     2 ||     3
